 Dungeon Crawl Stone Soup version 0.21.1-1-g345015fe64 (webtiles) character file.

9046 Naow the Cleaver (level 11, -4/75 HPs)
             Began as a Formicid Fighter on June 10, 2018.
             Was a Priest of Okawaru.
             Killed from afar by Nergalle (27 damage)
             ... with a bolt of negative energy
             ... on level 11 of the Dungeon.
             The game lasted 00:17:46 (10988 turns).

Naow the Cleaver (Formicid Fighter)                Turns: 10988, Time: 00:17:46

Health: -4/75      AC: 15    Str: 24    XL:     11   Next: 67%
Magic:  16/16      EV:  6    Int:  8    God:    Okawaru [***...]
Gold:   755        SH: 11    Dex: 10    Spells: 10/10 levels left

rFire    . . .     SeeInvis +   a - +0 war axe
rCold    + . .     Gourm    .   c - +0 shield
rNeg     . . .     Faith    .   k - +3 plate armour {rC+}
rPois    .         Spirit   .   (helmet unavailable)
rElec    .         Reflect  .   (no cloak)
rCorr    .         Harm     .   H - +0 pair of gloves
MR       +....                  (no boots)
Stlth    ..........             B - amulet of magic regeneration
HPRegen  0.22/turn              g - ring of stealth
MPRegen  0.40/turn              o - ring of teleportation (curse)

@: flying, very heavily drained
A: permanent stasis, dig shafts and tunnels, four strong arms, antennae 3
a: Dig, Shaft Self, Heroism, Renounce Religion


You were on level 11 of the Dungeon.
You worshipped Okawaru.
Okawaru was most pleased with you.
You were not hungry.

You visited 2 branches of the dungeon, and saw 12 of its levels.

You collected 755 gold pieces.

Inventory:

Hand Weapons
 a - a +0 war axe (weapon)
 Q - a +4 scimitar of flaming
Armour
 b - a +0 scale mail
 c - a +0 shield (worn)
 k - a +3 plate armour of cold resistance (worn)
 H - a +0 pair of gloves (worn)
Jewellery
 g - a ring of stealth (left hand)
 o - a cursed ring of teleportation (right hand)
 t - a cursed ring of teleportation
 B - an amulet of magic regeneration (around neck)
 F - a cursed ring of loudness {unknown}
 L - an uncursed ring of protection from fire {unknown}
Wands
 C - a wand of random effects (23)
 E - a wand of flame (63)
 G - a wand of enslavement (9)
 I - a wand of paralysis (7)
Scrolls
 d - a scroll of amnesia {unknown}
 e - 13 scrolls of remove curse {unknown}
 h - 2 scrolls of enchant armour {unknown}
 i - 6 scrolls of teleportation {unknown}
 l - 2 scrolls of immolation {unknown}
 n - 6 scrolls of identify {unknown}
 p - a scroll of fear {unknown}
 r - 3 scrolls of enchant weapon {unknown}
 s - 3 scrolls of blinking {unknown}
 u - a scroll of random uselessness {unknown}
 y - a scroll of vulnerability {unknown}
 z - a scroll of magic mapping {unknown}
 A - a scroll of fog {unknown}
 D - a scroll of acquirement {unknown}
 P - a scroll of noise {unknown}
Potions
 j - 3 potions of flight
 m - 2 potions of agility
 q - 5 potions of haste
 v - 5 potions of curing
 w - 2 potions of heal wounds
 x - 5 potions of mutation {unknown}
 J - 2 potions of degeneration {unknown}
 K - a potion of ambrosia {unknown}
 M - a potion of brilliance {unknown}
Books
 O - a book of Flames

   Spells                             Type                      Level
   a - Flame Tongue                   Conjuration/Fire             1
   b - Throw Flame                    Conjuration/Fire             2
   c - Conjure Flame                  Conjuration/Fire             3
   d - Inner Flame                    Hexes/Fire                   3
   e - Sticky Flame                   Conjuration/Fire             4
   f - Fireball                       Conjuration/Fire             5
Comestibles
 f - 26 rations


   Skills:
 - Level 3.2(0.2) Fighting
 - Level 12.3(8.5) Axes
 + Level 5.4(2.2) Armour
 + Level 3.3(0.2) Dodging
 - Level 11.0(7.3) Shields
 + Level 7.6(4.2) Invocations


You had 10 spell levels left.
You didn't know any spells.

Dungeon Overview and Level Annotations

Branches:
Dungeon (11/15)            Temple (1/1) D:4            Lair (0/6) D:8
    Orc: D:9-12

Altars:
Ashenzari
Cheibriados
Dithmenos
Fedhas
Gozag
Hepliaklqana
Kikubaaqudgha
Makhleb
Okawaru
Qazlal
Ru
Sif Muna
Trog
Uskayaw
Vehumet
Wu Jian
Xom
Yredelemnul
Zin
The Shining One

Shops:
D:6 [?!(=   D:9 =

Annotations:
D:3 1 runed door
D:11 Nergalle


Innate Abilities, Weirdness & Mutations

You cannot be hasted, slowed, berserked, paralysed or teleported.
You can dig through walls and to a lower floor.
Your four strong arms can wield two-handed weapons with a shield.
You have a pair of large antennae on your head. (SInv)


Message History

A seven-headed hydra comes into view.
The seven-headed hydra roars!
You hit Nergalle but do no damage.
Nergalle is severely wounded.
You hit the spectral orc warrior but do no damage.
You block the spectral orc warrior's attack.
Nergalle hits you but does no damage.
You block the spectral orc warrior's attack.
You block the spectral orc warrior's attack.
Nergalle blows her nose.
Nergalle points at you and mumbles some strange words.
Orcish apparitions take form around you.
You block the spectral orc warrior's attack.
The spectral orc knight barely misses you.
You feel like a meek peon again. Nergalle casts a spell at you.
The bolt of negative energy hits the spectral orc knight.
The spectral orc knight completely resists.
The bolt of negative energy hits you!
You feel drained.
You die...

#.######.#
#...#####
#.# #Z..#
#Z# #...#
#Z# #...#
#o# #...#
#.# #...#
#Z# #...#
#.# #@#
#.# #.#
#.# #.#
#(# #.#
#.# #.#


You could see Nergalle, 2 spectral orc warriors and a spectral orc knight.

Vanquished Creatures
  Erica (D:11)
  2 two-headed ogres
  An unseen horror (D:10)
  Pikel (D:6)
  Maurice (D:10)
  Grinder (D:9)
  2 hippogriffs
  3 yaks (D:9)
  A wraith (D:10)
  A hungry ghost (D:7)
  Menkaure (D:6)
  A soldier ant (D:11)
  A water moccasin (D:5)
  2 orc warriors
  A slave (D:6)
  A hornet zombie (D:9)
  An ice beast (D:7)
  2 black bears
  4 sky beasts
  4 ogres
  2 centaurs
  A crocodile (D:11)
  2 big kobolds
  5 bullfrogs
  A wyvern skeleton (D:9)
  6 scorpions
  The ghost of JuliusFucik the Ducker, a weakling TrFi of Okawaru (D:3)
  5 wights (D:7)
  3 howler monkeys
  3 crimson imps
  2 bullfrog zombies
  2 centaur zombies
  5 orc priests
  2 centaur skeletons
  3 orc wizards
  Terence (D:3)
  2 bullfrog skeletons
  5 iguanas
  9 worker ants
  A hound zombie (D:8)
  9 adders
  10 gnolls
  A howler monkey skeleton (D:8)
  2 shadow imps
  An ooze (D:3)
  A worm (D:2)
  2 dart slugs
  2 leopard geckos
  24 orcs
  2 ball pythons
  7 bats
  8 giant cockroaches
  16 goblins
  4 hobgoblins
  6 jackals
  A quokka (D:8)
  3 frilled lizards
  A jackal zombie (D:3)
  13 kobolds
  A leopard gecko skeleton (D:4)
  A quokka skeleton (D:6)
  13 rats
221 creatures vanquished.

Vanquished Creatures (others)
  An ogre (D:6)
  A bullfrog (D:6)
  An adder skeleton (D:6)
3 creatures vanquished.

Grand Total: 224 creatures vanquished

Notes
Turn   | Place    | Note
-------+----------+-------------------------------------------
     0 | D:1      | Naow the Formicid Fighter began the quest for the Orb.
     0 | D:1      | Reached XP level 1. HP: 18/18 MP: 1/1
    82 | D:1      | Found a glowing golden altar of the Shining One.
   177 | D:1      | Reached XP level 2. HP: 22/24 MP: 2/2
   306 | D:1      | Reached XP level 3. HP: 16/29 MP: 3/3
   309 | D:1      | Reached skill level 3 in Axes
   986 | D:2      | Found a sacrificial altar of Ru.
  1098 | D:2      | Reached XP level 4. HP: 35/35 MP: 4/4
  1235 | D:2      | Reached skill level 4 in Axes
  1235 | D:2      | Reached XP level 5. HP: 34/41 MP: 5/5
  1941 | D:3      | Noticed a hand axe
  1941 | D:3      | Noticed a dagger
  1944 | D:3      | Found a hide-covered altar of Uskayaw.
  1945 | D:3      | Noticed Terence
  1967 | D:3      | Killed Terence
  2041 | D:3      | Found a runed door.
  2041 | D:3      | Noticed a human
  2050 | D:3      | Reached skill level 5 in Shields
  2057 | D:3      | Found a basalt altar of Yredelemnul.
  2083 | D:3      | Noticed JuliusFucik's ghost (weakling TrFi)
  2197 | D:2      | Reached XP level 6. HP: 37/47 MP: 6/6
  2747 | D:3      | Killed JuliusFucik's ghost
  2747 | D:3      | Reached skill level 5 in Axes
  2994 | D:4      | Found a staircase to the Ecumenical Temple.
  3293 | D:4      | Reached XP level 7. HP: 52/52 MP: 7/7
  3530 | D:4      | Reached skill level 6 in Axes
  3574 | D:4      | Found a sacrificial altar of Ru.
  3857 | D:5      | Entered Level 5 of the Dungeon
  3983 | D:5      | Noticed a water moccasin
  3988 | D:5      | Killed a water moccasin
  4236 | D:5      | Found a shimmering altar of Xom.
  4294 | D:5      | Reached skill level 7 in Axes
  4294 | D:5      | Reached XP level 8. HP: 57/58 MP: 8/8
  4425 | D:5      | Found an opulent altar of Gozag.
  4865 | D:6      | Noticed Grinder
  4917 | D:6      | Noticed Menkaure
  4924 | D:6      | Killed Menkaure
  5176 | D:6      | Found an ornate altar of the Wu Jian Council.
  5185 | D:6      | Noticed Pikel
  5214 | D:6      | Killed Pikel
  5214 | D:6      | Reached skill level 8 in Axes
  5272 | D:6      | Reached XP level 9. HP: 42/64 MP: 9/9
  5285 | D:6      | Found Juvvont's Antique Armour Shoppe.
  5293 | D:6      | Found Garug's Magic Scroll Shop.
  5325 | D:6      | Reached skill level 9 in Axes
  5359 | D:6      | Found a shimmering altar of Xom.
  5367 | D:6      | Found Elufriri's Distillery.
  5535 | D:6      | Found Xiss's Jewellery Shoppe.
  5536 | D:6      | Found Caxizao's Weapon Emporium.
  5537 | D:6      | Found a snail-covered altar of Cheibriados.
  5565 | D:6      | Found a deep blue altar of Sif Muna.
  5570 | D:6      | Found a glowing silver altar of Zin.
  6022 | D:7      | Paralysed by fainting for 5 turns
  6064 | D:7      | Noticed a hippogriff
  6090 | D:7      | Killed a hippogriff
  6284 | D:7      | Reached skill level 10 in Axes
  6861 | D:7      | Found a hazy altar of Hepliaklqana.
  6947 | D:8      | Found a staircase to the Lair.
  6965 | D:8      | Noticed a two-headed ogre
  7005 | D:7      | Reached XP level 10. HP: 68/70 MP: 10/10
  7100 | D:8      | Reached skill level 11 in Axes
  7105 | D:8      | Found a blossoming altar of Fedhas.
  7400 | D:8      | Reached skill level 10 in Shields
  7573 | D:9      | Noticed a two-headed ogre
  8104 | Temple   | Entered the Ecumenical Temple
  8280 | Temple   | Became a worshipper of Warmaster Okawaru
  8747 | D:8      | Killed a two-headed ogre
  8747 | D:8      | Reached * piety under Okawaru
  8747 | D:8      | Reached skill level 12 in Axes
  8848 | D:9      | Killed a two-headed ogre
  8851 | D:9      | Found Doppuo Zoxo's Jewellery Shoppe.
  8882 | D:9      | Reached ** piety under Okawaru
  8882 | D:9      | Reached skill level 1 in Invocations
  9165 | D:9      | Reached XP level 11. HP: 52/75 MP: 13/13
  9438 | D:9      | Reached skill level 5 in Invocations
  9638 | D:9      | Killed Grinder
  9966 | D:10     | Entered Level 10 of the Dungeon
 10065 | D:10     | Reached skill level 1 in Dodging
 10131 | D:10     | Noticed Maurice
 10157 | D:10     | Killed Maurice
 10467 | D:10     | Noticed an unseen horror
 10521 | D:10     | Killed an unseen horror
 10521 | D:10     | Reached *** piety under Okawaru
 10754 | D:11     | Reached skill level 5 in Armour
 10826 | D:11     | Noticed Erica
 10846 | D:11     | Killed Erica
 10945 | D:11     | Noticed Nergalle
 10974 | D:11     | Noticed a seven-headed hydra
 10988 | D:11     | Killed from afar by Nergalle

Skill      XL: |  1  2  3  4  5  6  7  8  9 10 11 |
---------------+----------------------------------+-----
Shields        | 4 5 6 8 9 11 | 11.0
Axes           | 3 4 5 7 8 10 12 | 12.3
Invocations    | 3 7 |  7.6
Dodging        | 3 |  3.3
Armour         | 5 |  5.4
Fighting       | |  3.2

Action                   |  1- 3 |  4- 6 |  7- 9 | 10-12 || total
-------------------------+-------+-------+-------+-------++-------
Melee: War axe           |   122 |   210 |   330 |   482 ||  1144
Invok: Heroism           |       |       |       |     3 ||     3
  Use: Potion            |       |       |     1 |     5 ||     6
  Eat: Chunk             |       |     8 |    12 |    14 ||    34
       Ration            |       |       |     1 |       ||     1
Armor: Scale mail        |    26 |       |       |       ||    26
       Plate armour      |    23 |   110 |   169 |   162 ||   464
Dodge: Dodged            |    28 |    41 |    57 |    88 ||   214
Block: Shield            |    82 |   108 |   183 |   252 ||   625
